 Dungeon Crawl Stone Soup version 0.22.1-2-g9c5b331 (webtiles) character file.

26 Matador8 the Insei (level 3, 0/26 HPs)
             Began as a Merfolk Transmuter on Dec 19, 2018.
             Slain by a worm (7 damage)
             ... on level 2 of the Dungeon.
             The game lasted 00:05:03 (1039 turns).

Matador8 the Insei (Merfolk Transmuter)             Turns: 1039, Time: 00:05:03

Health: 0/26       AC:  3    Str: 11    XL:     3   Next: 8%
Magic:  6/6        EV: 12    Int: 12    God:
Gold:   68         SH:  0    Dex: 14    Spells: 5/6 levels left

rFire    . . .     SeeInvis .     - Unarmed
rCold    . . .     Gourm    .   (no shield)
rNeg     . . .     Faith    .   q - +0 leather armour
rPois    .         Spirit   .   (no helmet)
rElec    .         Reflect  .   (no cloak)
rCorr    .         Harm     .   (no gloves)
MR       .....                  (no boots)
Stlth    +.........             (no amulet)
HPRegen  0.08/turn              (no ring)
MPRegen  0.10/turn              (no ring)

@: appendage (expiring)
A: change form in water, swift swim, stealthy swim, horns 2
a: End Transformation


You were on level 2 of the Dungeon.
You were hungry.
You had grown temporary horns.
You visited 1 branch of the dungeon, and saw 2 of its levels.

You collected 68 gold pieces.

Inventory:

Hand Weapons
 b - a +0 hunting sling
Missiles
 a - 53 arrows
 i - 44 stones (quivered)
Armour
 g - a +0 robe
 j - a +0 ring mail
 q - a +0 leather armour (worn)
Jewellery
 c - an uncursed ring of fire {unknown}
Scrolls
 f - 2 scrolls of identify {unknown}
 h - a scroll of blinking {unknown}
 l - 2 scrolls of enchant armour {unknown}
 m - a scroll of fog {unknown}
Potions
 e - a potion of curing {unknown}
 k - 4 potions of berserk rage {unknown}
 n - a potion of lignification {unknown}
 p - a potion of heal wounds {unknown}
Comestibles
 d - 4 rations
 o - a chunk of flesh


   Skills:
 - Level 1.1 Fighting
 - Level 2.6 Dodging
 + Level 4.0 Unarmed Combat
 - Level 2.0 Spellcasting
 + Level 3.8 Transmutations


You had 5 spell levels left.
You knew the following spells:

 Your Spells              Type           Power        Failure   Level  Hunger
a - Beastly Appendage     Tmut           ##....       8%          1    ##.....

Your spell library contained the following spells:

 Spells                   Type           Power        Failure   Level  Hunger
 Sticks to Snakes         Tmut           ##......     12%         2    ###....
 Spider Form              Tmut/Pois      #.........   45%         3    ####...
 Ice Form                 Ice/Tmut       #.......     86%         4    #####..
 Blade Hands              Tmut           ##........   91%         5    ######.


Dungeon Overview and Level Annotations

Branches:
Dungeon (2/15)

Altars:


Innate Abilities, Weirdness & Mutations

You revert to your normal form in water.
You are very nimble and swift while swimming.
You are very stealthy in the water. (Stealth+)
You have a pair of horns on your head.


Message History

You closely miss the giant cockroach.
The giant cockroach is moderately wounded.
The giant cockroach barely misses you.
You closely miss the giant cockroach.
Your headbutt misses the giant cockroach.
The giant cockroach is moderately wounded.
The giant cockroach closely misses you.
You hit the giant cockroach.
You kill the giant cockroach!
You hit the worm.
You headbutt the worm, but do no damage.
The worm is moderately wounded.
The worm bites you.
* * * LOW HITPOINT WARNING * * *
You barely miss the worm. Your headbutt misses the worm.
The worm is moderately wounded.
You hit the worm. Your headbutt misses the worm.
The worm is moderately wounded.
The worm bites you!
You die...

### ... ###
####################.#.#
................@w....$.
########################


You could see a worm.

Vanquished Creatures
  An adder (D:2)
  3 giant cockroaches
  A goblin (D:1)
  A hobgoblin (D:2)
  2 jackals (D:2)
  4 kobolds
  A bat (D:2)
  A frilled lizard (D:2)
  2 rats (D:1)
16 creatures vanquished.

Notes
Turn   | Place    | Note
-------+----------+-------------------------------------------
     0 | D:1      | Matador8 the Merfolk Transmuter began the quest for the
                  | Orb.
     0 | D:1      | Reached XP level 1. HP: 15/15 MP: 3/3
   222 | D:1      | Reached XP level 2. HP: 18/21 MP: 5/5
  1019 | D:2      | Reached XP level 3. HP: 15/26 MP: 4/6
  1030 | D:2      | Reached skill level 4 in Unarmed Combat
  1039 | D:2      | Slain by a worm

Skill      XL: |  1  2  3 |
---------------+----------+-----
Transmutations | 3 |  3.8
Unarmed Combat | 4 |  4.0
Fighting       | |  1.1
Dodging        | |  2.6
Spellcasting   | |  2.0

Action                   || total
-------------------------++-------
Melee: Unarmed           ||    65
       Headbutt          ||     6
 Cast: Beastly Appendage ||     6
Armor: Robe              ||    14
       Leather armour    ||     3
Dodge: Dodged            ||    43
